 Dungeon Crawl Stone Soup version 0.29.1-12-g30fa7ad0bf (webtiles) character file.

Game seed: 18329626504008865574

471 Mitcholas the Ruffian (level 6, 0/62 HPs)
             Began as a Troll Fighter on Dec 29, 2022.
             Slain by a gnoll
             ... wielding a +0 whip
             ... led by a gnoll bouda
              (5 damage)
             ... on level 5 of the Dungeon.
             The game lasted 00:06:42 (3571 turns).

Mitcholas the Ruffian (Troll Fighter)               Turns: 3571, Time: 00:06:43

Health: 0/62       AC:  4    Str: 25    XL:     6   Next: 83%
Magic:  5/5        EV:  8    Int:  6    God:
Gold:   275        SH:  7    Dex:  9    Spells: 5/5 levels left

rFire   . . .      SeeInvis .     - Unarmed
rCold   . . .      Faith    .   b - +0 kite shield
rNeg    . . .      Spirit   .   a - +0 robe
rPois   .          Reflect  .   (helmet restricted)
rElec   .          Harm     .   (no cloak)
rCorr   .          Rampage  .   (gloves unavailable)
Will    .....                   (boots unavailable)
Stlth   +.........              (no amulet)
HPRegen 1.00/turn               (no ring)
MPRegen 0.09/turn               (no ring)

@: no status effects
A: large, unfitting armour, claws 3, regeneration 1, shaggy fur 1, tough skin 1
a: no special abilities


You were on level 5 of the Dungeon.
You visited 1 branch of the dungeon, and saw 5 of its levels.

You collected 275 gold pieces.

Inventory:

Missiles
 n - 4 poisoned darts (quivered)
Armour
 a - a +0 robe (worn)
 b - a +0 kite shield (worn)
Jewellery
 v - an amulet of the acrobat
Wands
 m - a wand of flame (16)
Scrolls
 f - 12 scrolls of identify {unknown}
 g - a scroll of magic mapping {unknown}
 i - a scroll of blinking {unknown}
 j - 2 scrolls of teleportation {unknown}
 l - a scroll of silence {unknown}
 p - a scroll of enchant armour {unknown}
 r - a scroll of summoning {unknown}
 w - a scroll of fear {unknown}
Potions
 c - a potion of might
 d - 2 potions of invisibility {unknown}
 e - 3 potions of lignification {unknown}
 h - a potion of curing {unknown}
 k - a potion of heal wounds
 o - a potion of magic {unknown}
 q - 2 potions of brilliance {unknown}
 s - a potion of cancellation {unknown}
 t - a potion of attraction {unknown}
 u - a potion of degeneration {unknown}
 x - a potion of resistance {unknown}


   Skills:
 + Level 3.8 Fighting
 - Level 2.4 Dodging
 + Level 4.2 Shields
 * Level 5.4 Unarmed Combat


You had 5 spell levels left.
You didn't know any spells.
Your spell library contained the following spells:

 Spells                   Type           Power      Damage    Failure   Level
 Beastly Appendage        Tmut           0%         N/A       75%         1
 Wereblood                Tmut           0%         N/A       86%         2
 Ozocubu's Armour         Ice            0%         N/A       98%         3
 Spider Form              Tmut/Pois      0%         N/A       98%         3
 Ozocubu's Refrigeration  Ice            0%         4d7       100%        7


Dungeon Overview and Level Annotations

Branches:
Dungeon (5/15)
 Temple: D:4-7

Altars:
Vehumet
Zin

Annotations:
D:3 2 transporters, soggyman666's ghost, weakling MiFi
D:4 1 runed translucent door, Crazy Yiuf


Innate Abilities, Weirdness & Mutations

You are too large for most types of armour.
You have claws for hands.
Your natural rate of healing is unusually fast.
You are covered in fur. (AC +1)
You have tough skin. (AC +1)


Message History

The adder bites you.
You are poisoned.
The adder poisons you! The gnoll closely misses you.
You closely miss the adder.
The adder is moderately wounded.
You feel sick. The adder bites you but does no damage.
The gnoll hits you with a +0 whip. The adder bites you.
You scratch the adder.
The adder is severely wounded.
You feel sick. The adder bites you but does no damage.
The gnoll hits you with a +0 whip.
You claw the adder!
You kill the adder!
You feel sick. You block the gnoll's attack. The gnoll hits you with a +0 club.
The gnoll attacks as you move away! The gnoll closely misses you.
You feel sick. The gnoll attacks as you move away!
The gnoll hits you with a +0 club.
* * * LOW HITPOINT WARNING * * *
The gnoll attacks as you move away! The gnoll hits you but does no damage.
You feel sick.
You are no longer poisoned.
The gnoll attacks as you move away! The gnoll barely misses you.
The gnoll completely misses you. The gnoll attacks as you move away!
You block the gnoll's attack.
You see here a +0 spear.
The gnoll attacks as you move away! The gnoll hits you with a +0 whip.
* * * LOW HITPOINT WARNING * * *
The gnoll hits you but does no damage. The gnoll attacks as you move away!
You block the gnoll's attack. The gnoll attacks as you move away!
The gnoll barely misses you. The gnoll hits you with a +0 club.
* * * LOW HITPOINT WARNING * * *
The gnoll attacks as you move away! The gnoll hits you with a +0 whip!
* * * LOW HITPOINT WARNING * * *
The gnoll attacks as you move away! You block the gnoll's attack.
The gnoll is no longer moving quickly.
The gnoll attacks as you move away! The gnoll hits you with a +0 club.
* * * LOW HITPOINT WARNING * * *
The gnoll is no longer moving quickly.
The gnoll hits you with a +0 whip.
You die...

##.....#.#####
.........#
.......#..###
.......##.#..#
...##........#######
........###..#..#
....#...###.....##
....##..#.#......#
........@gg......##
..#..##.#g........#
##.#............#
...........)...##
#......##..#.#...##
.....#..##.#####...#
.......###.# #...##
.#+#... #.# #..###
+..# ... ##.).#


You could see 3 gnolls.

Vanquished Creatures
  Blork the orc (D:4)
  An orc priest (D:4)
  A gnoll bouda (D:5)
  A hound (D:4)
  Jessica (D:3)
  Natasha (thrice) (D:2)
  2 iguanas
  8 adders
  2 worms
  A dart slug (D:4)
  9 orcs
  4 ball pythons
  5 bats
  4 endoplasms
  2 giant cockroaches
  10 goblins
  6 hobgoblins
  4 jackals
  7 kobolds
  4 quokkas
  2 frilled lizards
  A rat (D:3)
79 creatures vanquished.

Notes
Turn   | Place    | Note
-------+----------+-------------------------------------------
     0 | D:1      | Mitcholas the Troll Fighter began the quest for the Orb.
     0 | D:1      | Reached XP level 1. HP: 22/22 MP: 0/0
   140 | D:1      | Reached XP level 2. HP: 29/29 MP: 1/1
  1078 | D:2      | Reached XP level 3. HP: 36/36 MP: 2/2
  1121 | D:2      | Reached skill level 3 in Unarmed Combat
  1203 | D:2      | Noticed Natasha
  1217 | D:2      | Killed Natasha
  1291 | D:2      | Reached XP level 4. HP: 44/44 MP: 3/3
  1301 | D:2      | Noticed Natasha
  1314 | D:2      | Killed Natasha
  1315 | D:2      | Found a faded altar of an unknown god.
  1481 | D:2      | Noticed Natasha
  1484 | D:2      | Killed Natasha
  1560 | D:2      | Reached XP level 5. HP: 52/53 MP: 4/4
  1612 | D:3      | Noticed Jessica
  1652 | D:3      | Killed Jessica
  1653 | D:3      | Reached skill level 4 in Unarmed Combat
  1791 | D:3      | Noticed soggyman666's ghost (weakling MiFi)
  1848 | D:3      | Found a transporter.
  1983 | D:3      | Found a transporter.
  2503 | D:3      | Found a glowing silver altar of Zin.
  2535 | D:3      | Found a radiant altar of Vehumet.
  2723 | D:4      | Noticed Blork the orc
  2735 | D:4      | Killed Blork the orc
  2736 | D:4      | Reached XP level 6. HP: 47/61 MP: 5/5
  2915 | D:4      | Reached skill level 5 in Unarmed Combat
  2986 | D:4      | Found a runed translucent door.
  2987 | D:4      | Noticed Crazy Yiuf
  3449 | D:5      | Entered Level 5 of the Dungeon
  3569 | D:5      | HP: 3/62 [gnoll/+0 whip[a gnoll bouda] (8)]
  3571 | D:5      | Slain by a gnoll

Illustrated notes

Levels and vault maps discovered:
D:1:      kilobyte_arrival_exit_the_forest, layout_loops_corners,
          minmay_misc_feat_diagonals
D:2:      layout_rooms, hellmonk_ecumenical_altar_defaced_shrine, uniq_natasha
D:3:      layout_rooms, mainiacjoe_overflow_two_lobes,
          gammafunk_ghost_stat_death, serial_co_window_serial,
          co_window_paths_a, co_window_of_opportunity_a, co_window_corner_a,
          co_window_paths_b, co_window_paths_a, co_window_2corner,
          co_window_unsneaky_path_e, co_window_paths_c, glass_columns_a,
          amcnicky_mini_pool_small, uniq_jessica
D:4:      layout_loops_cross, minmay_misc_feat_rugged, uniq_crazy_yiuf_cottage,
          uniq_blork_the_orc
D:5:      layout_cave_pools, kennysheep_mini_moat

Skill      XL: |  1  2  3  4  5  6 |
---------------+-------------------+-----
Shields        | 3 4 |  4.2
Unarmed Combat | 3 4 5 |  5.4
Fighting       | 3 |  3.8
Dodging        | |  2.4

Action                   |  1- 3 |  4- 6 || total
-------------------------+-------+-------++-------
Melee: Unarmed           |    92 |   181 ||   273
Throw: Dart              |       |     4 ||     4
 Stab: Sleeping          |     1 |       ||     1
Armor: Robe              |    22 |    34 ||    56
Dodge: Dodged            |    26 |    49 ||    75
Block: Kite shield       |    29 |    72 ||   101
